Map: Jagannatha LE

Players

A.I. 1 (Very Easy)

  • Race: Terran Terran
  • Spawn Location: 7:00

ancientone

  • Race: Terran Terran
  • Spawn Location: 1:00

VOD

Have the link to the VOD?

Description

first upload of a salt replay

Time

  • Played on: Nov. 4, 2020, 6:51 p.m.
  • Length: 83:16
Show
View Real Time Build Order
Export as new Build Order

A.I. 1 (Very Easy) Terran 

Build Orders: Command Center First (CC), Banshee Rush 

Get SALT Encoding   

    0:17  SCV x12  
    0:29  Unknown  
  13  2:06  Protoss Ground Armor Level 3, Protoss Shields Level 3, Protoss Ground Weapons Level 3  
  13  2:28  Zerg Flyer Weapons Level 3, Zerg Missile Weapons Level 3, Protoss Air Weapons Level 3, Zerg Melee Weapons Level 3, Terran Ship Weapons Level 3, Protoss Air Armor Level 3, Zerg Flyer Armor Level 3, Terran Vehicle Armor Level 3, Zerg Ground Armor Level 3, Terran Infantry Weapons Level 3, Terran Ship Armor Level 3, Terran Vehicle Weapons Level 3, Terran Infantry Armor Level 3  
  13  2:31  Protoss Ground Weapons Level 2, Protoss Ground Armor Level 2, Protoss Shields Level 2  
  13  2:49  Zerg Ground Armor Level 2, Protoss Air Weapons Level 2, Terran Ship Armor Level 2, Zerg Flyer Armor Level 2, Terran Infantry Armor Level 2, Terran Ship Weapons Level 2, Terran Vehicle Armor Level 2, Zerg Missile Weapons Level 2, Zerg Melee Weapons Level 2, Zerg Flyer Weapons Level 2, Terran Infantry Weapons Level 2, Terran Vehicle Weapons Level 2, Protoss Air Armor Level 2  
  13  2:56  Protoss Ground Armor Level 1, Protoss Ground Weapons Level 1, Protoss Shields Level 1  
  13  3:04  Blink  
  13  3:11  Zerg Melee Weapons Level 1, Terran Infantry Armor Level 1, Zerg Flyer Weapons Level 1, Protoss Air Armor Level 1, Terran Ship Weapons Level 1, Terran Infantry Weapons Level 1, Zerg Ground Armor Level 1, Zerg Missile Weapons Level 1, Terran Vehicle Weapons Level 1, Terran Ship Armor Level 1, Terran Vehicle Armor Level 1, Zerg Flyer Armor Level 1, Protoss Air Weapons Level 1  
  13  3:25  Neosteel Armor, Charge, Weapon Refit, Resonating Glaives, Stimpack, Warp Gate, Extended Thermal Lance  
  13  3:32  Ventral Sacs, Adrenal Glands  
  13  3:38  Enduring Locusts  
  13  3:39  Personal Cloaking  
  13  3:46  Centrifical Hooks, Chitinous Plating, Glial Reconstitution, Combat Shield, Metabolic Boost, Neural Parasite, Infernal Pre-Igniter, Tunneling Claws, Corvid Reactor, Neosteel Frame, Cloaking Field, Psionic Storm, Durable Materials  
  13  3:53  SCV  
  13  3:54  Burrow, Muscular Augments x2  
  13  4:05  SCV  
  13  4:08  Gravitic Drive, Pathogen Glands, Behemoth Reactor, Caduceus Reactor, Graviton Catapult, Gravitic Boosters, Hi-Sec Auto Tracking, Moebius Reactor  
  14  4:11  Supply Depot  
  14  4:22  Concussive Shells, Pneumatized Carapace  
  14  5:05  Unknown x5  
    5:33  SCV x12  
    5:45  Unknown  
    5:46  SCV  
  13  5:58  SCV  
  14  6:06  Supply Depot  
  14  6:10  SCV  
  15  6:28  SCV  
  16  6:49  Command Center  
  16  7:00  Barracks  
  16  7:08  Refinery  
  16  7:15  Refinery  
  16  7:24  Supply Depot  
  16  7:28  SCV  
  17  7:40  SCV  
  18  7:47  Marine  
  19  7:52  SCV  
  20  8:04  SCV  
  21  8:09  SCV  
  22  8:16  SCV  
  23  8:21  Marine  
  23  8:23  SCV  
  25  8:31  SCV  
  26  8:38  SCV  
  27  8:45  SCV  
  28  8:50  Factory  
  28  8:52  SCV  
  28  8:55  Marine  
  30  9:29  Marine  
  31  9:38  Starport  
  31  10:04  Barracks Tech Lab  
  31  10:15  Starport Tech Lab  
  31  10:22  Marauder  
  33  10:35  Raven  
  35  11:02  Marine  
  36  11:04  Supply Depot  
  36  11:18  Medivac  
  36  11:20  Marauder  
  40  11:29  Supply Depot  
  40  11:41  Marauder  
  38  11:48  Medivac  
  38  12:02  Marine  
  39  12:18  Raven  
  39  12:20  Marine  
  42  12:38  Marine  
  43  12:56  Marine  
  44  13:01  Raven  
  46  13:14  Marauder  
  48  15:22  Factory Tech Lab, Marine  
  48  15:25  Supply Depot  
  49  15:40  Marine  
  42  15:50  Siege Tank  
  42  16:02  Marine  
  43  16:20  Marine  
  44  16:28  Siege Tank  
  47  16:41  Marine  
  48  16:59  Marine  
  49  17:07  Siege Tank  
  52  17:54  Protoss Ground Armor Level 3, Protoss Shields Level 3, Protoss Ground Weapons Level 3  
  52  18:16  Zerg Flyer Weapons Level 3, Zerg Missile Weapons Level 3, Protoss Air Weapons Level 3, Zerg Melee Weapons Level 3, Terran Ship Weapons Level 3, Protoss Air Armor Level 3, Zerg Flyer Armor Level 3, Terran Vehicle Armor Level 3, Zerg Ground Armor Level 3, Terran Infantry Weapons Level 3, Terran Ship Armor Level 3, Terran Vehicle Weapons Level 3, Terran Infantry Armor Level 3  
  52  18:19  Protoss Ground Weapons Level 2, Protoss Ground Armor Level 2, Protoss Shields Level 2  
  52  18:24  Protoss Ground Armor Level 3, Protoss Shields Level 3, Protoss Ground Weapons Level 3  
  52  18:37  Zerg Ground Armor Level 2, Protoss Air Weapons Level 2, Terran Ship Armor Level 2, Zerg Flyer Armor Level 2, Terran Infantry Armor Level 2, Terran Ship Weapons Level 2, Terran Vehicle Armor Level 2, Zerg Missile Weapons Level 2, Zerg Melee Weapons Level 2, Zerg Flyer Weapons Level 2, Terran Infantry Weapons Level 2, Terran Vehicle Weapons Level 2, Protoss Air Armor Level 2  
  52  18:44  Protoss Ground Armor Level 1, Protoss Ground Weapons Level 1, Protoss Shields Level 1  
  52  18:46  Zerg Flyer Weapons Level 3, Zerg Missile Weapons Level 3, Protoss Air Weapons Level 3, Zerg Melee Weapons Level 3, Terran Ship Weapons Level 3, Protoss Air Armor Level 3, Zerg Flyer Armor Level 3, Terran Vehicle Armor Level 3, Zerg Ground Armor Level 3, Terran Infantry Weapons Level 3, Terran Ship Armor Level 3, Terran Vehicle Weapons Level 3, Terran Infantry Armor Level 3  
  52  18:49  Protoss Ground Weapons Level 2, Protoss Ground Armor Level 2, Protoss Shields Level 2  
  52  18:52  Blink  
  51  18:59  Zerg Melee Weapons Level 1, Terran Infantry Armor Level 1, Zerg Flyer Weapons Level 1, Protoss Air Armor Level 1, Terran Ship Weapons Level 1, Terran Infantry Weapons Level 1, Zerg Ground Armor Level 1, Zerg Missile Weapons Level 1, Terran Vehicle Weapons Level 1, Terran Ship Armor Level 1, Terran Vehicle Armor Level 1, Zerg Flyer Armor Level 1, Protoss Air Weapons Level 1  
  51  19:07  Zerg Ground Armor Level 2, Protoss Air Weapons Level 2, Terran Ship Armor Level 2, Zerg Flyer Armor Level 2, Terran Infantry Armor Level 2, Terran Ship Weapons Level 2, Terran Vehicle Armor Level 2, Zerg Missile Weapons Level 2, Zerg Melee Weapons Level 2, Zerg Flyer Weapons Level 2, Terran Infantry Weapons Level 2, Terran Vehicle Weapons Level 2, Protoss Air Armor Level 2  
  51  19:13  Neosteel Armor, Charge, Weapon Refit, Resonating Glaives, Stimpack, Warp Gate, Extended Thermal Lance  
  51  19:14  Protoss Ground Armor Level 1, Protoss Ground Weapons Level 1, Protoss Shields Level 1  
  51  19:20  Ventral Sacs, Adrenal Glands  
  51  19:22  Blink  
  51  19:25  Marauder  
  51  19:26  Enduring Locusts  
  51  19:27  Personal Cloaking  
  51  19:28  Supply Depot  
  51  19:29  Zerg Melee Weapons Level 1, Terran Infantry Armor Level 1, Zerg Flyer Weapons Level 1, Protoss Air Armor Level 1, Terran Ship Weapons Level 1, Terran Infantry Weapons Level 1, Zerg Ground Armor Level 1, Zerg Missile Weapons Level 1, Terran Vehicle Weapons Level 1, Terran Ship Armor Level 1, Terran Vehicle Armor Level 1, Zerg Flyer Armor Level 1, Protoss Air Weapons Level 1  
  51  19:34  Centrifical Hooks, Chitinous Plating, Glial Reconstitution, Combat Shield, Metabolic Boost, Neural Parasite, Infernal Pre-Igniter, Tunneling Claws, Corvid Reactor, Neosteel Frame, Raven, Cloaking Field, Psionic Storm, Durable Materials  
  39  19:42  Burrow, Muscular Augments x2  
  39  19:43  Neosteel Armor, Charge, Weapon Refit, Resonating Glaives, Stimpack, Warp Gate, Extended Thermal Lance  
  39  19:45  SCV  
  28  19:50  Ventral Sacs, Adrenal Glands  
  18  19:56  Gravitic Drive, Enduring Locusts, Pathogen Glands, Behemoth Reactor, Caduceus Reactor, Graviton Catapult, Gravitic Boosters, Hi-Sec Auto Tracking, Moebius Reactor  
  18  19:57  Personal Cloaking  
  4  20:04  Centrifical Hooks, Chitinous Plating, Glial Reconstitution, Combat Shield, Metabolic Boost, Neural Parasite, Infernal Pre-Igniter, Tunneling Claws, Corvid Reactor, Neosteel Frame, Cloaking Field, Psionic Storm, Durable Materials  
  3  20:10  Concussive Shells, Pneumatized Carapace  
  3  20:12  Burrow, Muscular Augments x2  
    20:26  Gravitic Drive, Pathogen Glands, Behemoth Reactor, Caduceus Reactor, Graviton Catapult, Gravitic Boosters, Hi-Sec Auto Tracking, Moebius Reactor  
    20:40  Concussive Shells, Pneumatized Carapace  
    20:53  Unknown x5  
    21:23  Unknown x5  
    69:47  SCV x12  
    69:59  Unknown  
  12  70:01  SCV  
  13  70:18  Supply Depot  
  13  70:52  Command Center  
  13  71:08  Barracks  
  13  71:21  SCV  
  14  71:38  SCV  
  15  71:40  Supply Depot  
  15  71:53  SCV  
  16  71:55  Marine  
  17  72:06  SCV  
  17  72:08  SCV  
  19  72:13  Marine  
  20  72:18  SCV  
  20  72:22  SCV  
  22  72:30  SCV  
  24  72:37  SCV  
  25  72:44  SCV  
  25  72:49  Marine  
  27  72:51  SCV  
  28  72:58  SCV  
  29  73:05  SCV  
  29  73:07  Marine  
  31  73:12  SCV  
  32  73:20  SCV  
  33  73:27  SCV  
  33  73:34  SCV  
  34  73:41  SCV  
  35  73:48  SCV  
  36  73:55  SCV  
  37  74:03  SCV  
  38  74:10  SCV  
  38  74:13  Supply Depot  
  39  74:17  SCV  
  40  74:24  SCV  
  41  74:31  SCV  
  42  74:39  SCV  
  43  74:46  SCV  
  44  74:53  SCV  
  45  75:00  SCV  
  46  75:07  SCV  
  46  75:11  Supply Depot  
  47  75:14  SCV  
  48  75:22  SCV  
  49  75:29  SCV  
  50  75:36  SCV  
  51  75:43  SCV  
  52  75:51  SCV, Marine  
  54  75:58  SCV  
  54  76:01  Supply Depot  
  55  76:05  SCV  
  56  76:12  SCV  
  57  76:19  SCV  
  58  76:26  SCV  
  59  76:33  SCV  
  60  76:41  SCV  
  61  76:48  SCV  
  61  76:50  Supply Depot  
  62  76:55  SCV  
  63  77:02  SCV  
  64  77:09  SCV  
  64  77:16  SCV  
  65  77:24  SCV  
  66  77:31  SCV  
  67  77:38  SCV  
  68  77:45  SCV  
  68  77:49  Supply Depot  
  69  77:52  SCV  
  70  77:59  SCV  
  71  78:06  SCV  
  72  78:14  SCV  
  73  78:21  SCV  
  74  78:28  SCV  
  75  78:35  SCV  
  75  78:38  Supply Depot  
  76  78:43  SCV  
  77  78:50  SCV  
  78  78:57  SCV  
  79  79:04  SCV  
  80  79:11  SCV  
  81  79:18  SCV  
  82  79:25  SCV  
  82  79:29  Supply Depot  
  83  79:33  SCV  
  84  79:40  SCV  
  85  79:47  SCV  
  86  79:54  SCV  
  87  80:01  SCV  
  88  80:08  SCV  
  89  80:16  SCV  
  89  80:18  Supply Depot  
  90  80:23  SCV  
  91  80:30  SCV  
  92  80:37  SCV  
  93  80:44  SCV  
  94  80:52  SCV  
  95  80:59  SCV  
  96  81:06  SCV  
  96  81:09  Supply Depot  
  97  81:13  SCV  
  98  81:20  SCV  
  99  81:28  SCV  
  100  81:35  SCV  
  101  81:42  SCV  
  102  81:49  SCV  
  103  81:56  SCV  
  103  82:00  Supply Depot  
  104  82:04  SCV  
  105  82:11  SCV  
  106  82:18  SCV  
  107  82:25  SCV  
  108  82:32  SCV  
  109  82:39  SCV  
  110  82:46  SCV  
  110  82:50  Supply Depot  
  111  82:54  SCV  
  112  83:01  SCV  
Show
View Real Time Build Order
Export as new Build Order

ancientone Terran 

Build Orders: Banshee Rush 

Get SALT Encoding   

    0:17  SCV x12  
    0:29  Unknown  
  12  2:06  Protoss Ground Armor Level 3, Protoss Shields Level 3, Protoss Ground Weapons Level 3  
  12  2:28  Zerg Flyer Weapons Level 3, Zerg Missile Weapons Level 3, Protoss Air Weapons Level 3, Zerg Melee Weapons Level 3, Terran Ship Weapons Level 3, Protoss Air Armor Level 3, Zerg Flyer Armor Level 3, Terran Vehicle Armor Level 3, Zerg Ground Armor Level 3, Terran Infantry Weapons Level 3, Terran Ship Armor Level 3, Terran Vehicle Weapons Level 3, Terran Infantry Armor Level 3  
  12  2:31  Protoss Ground Weapons Level 2, Protoss Ground Armor Level 2, Protoss Shields Level 2  
  12  2:49  Zerg Ground Armor Level 2, Protoss Air Weapons Level 2, Terran Ship Armor Level 2, Zerg Flyer Armor Level 2, Terran Infantry Armor Level 2, Terran Ship Weapons Level 2, Terran Vehicle Armor Level 2, Zerg Missile Weapons Level 2, Zerg Melee Weapons Level 2, Zerg Flyer Weapons Level 2, Terran Infantry Weapons Level 2, Terran Vehicle Weapons Level 2, Protoss Air Armor Level 2  
  12  2:56  Protoss Ground Armor Level 1, Protoss Ground Weapons Level 1, Protoss Shields Level 1  
  12  3:04  Blink  
  12  3:11  Zerg Melee Weapons Level 1, Terran Infantry Armor Level 1, Zerg Flyer Weapons Level 1, Protoss Air Armor Level 1, Terran Ship Weapons Level 1, Terran Infantry Weapons Level 1, Zerg Ground Armor Level 1, Zerg Missile Weapons Level 1, Terran Vehicle Weapons Level 1, Terran Ship Armor Level 1, Terran Vehicle Armor Level 1, Zerg Flyer Armor Level 1, Protoss Air Weapons Level 1  
  12  3:25  Neosteel Armor, Charge, Weapon Refit, Resonating Glaives, Stimpack, Warp Gate, Extended Thermal Lance  
  12  3:32  Ventral Sacs, Adrenal Glands  
  12  3:38  Enduring Locusts  
  12  3:39  Personal Cloaking  
  12  3:46  Centrifical Hooks, Chitinous Plating, Glial Reconstitution, Combat Shield, Metabolic Boost, Neural Parasite, Infernal Pre-Igniter, Tunneling Claws, Corvid Reactor, Neosteel Frame, Cloaking Field, Psionic Storm, Durable Materials  
  12  3:54  Burrow, Muscular Augments x2  
  12  4:05  SCV  
  12  4:08  Gravitic Drive, Pathogen Glands, Behemoth Reactor, Caduceus Reactor, Graviton Catapult, Gravitic Boosters, Hi-Sec Auto Tracking, Moebius Reactor  
  13  4:20  Supply Depot  
  13  4:22  Concussive Shells, Pneumatized Carapace  
  13  5:05  Unknown x5  
    5:20  Orbital Command  
    5:33  SCV x12  
    5:49  SCV  
  13  6:04  Supply Depot  
  13  6:06  SCV  
  14  6:20  SCV  
  15  6:30  Barracks  
  15  6:32  SCV  
  16  6:40  Refinery  
  16  6:46  SCV  
  17  6:58  SCV  
  18  7:10  SCV  
  19  7:20  Marine  
  20  7:24  Refinery  
  20  7:27  Orbital Command  
  20  7:40  Supply Depot  
  20  7:43  Marine  
  21  7:51  Factory  
  21  7:57  SCV  
  22  8:20  Barracks Reactor  
  22  8:21  Command Center  
  22  8:31  SCV  
  23  8:38  Factory  
  23  8:43  SCV  
  25  8:55  SCV  
  25  9:17  Hellion x2  
  25  9:20  SCV  
  30  9:32  SCV  
  30  9:36  Factory Tech Lab, Command Center  
  31  9:43  Hellion x2  
  31  9:44  SCV  
  36  9:47  Orbital Command  
  36  9:56  SCV  
  36  9:58  Siege Tank  
  40  10:07  Factory  
  40  10:10  Supply Depot  
  40  10:12  Hellion  
  42  10:25  SCV x2  
  44  10:31  Supply Depot  
  44  10:33  Siege Tank  
  47  10:37  SCV x2  
  49  10:52  SCV  
  49  10:53  SCV  
  51  10:57  Refinery  
  51  10:58  Refinery  
  51  11:05  SCV x2  
  53  11:16  Command Center  
  53  11:17  Hellion x2  
  57  11:22  Factory Tech Lab  
  57  11:28  Supply Depot  
  57  11:29  Siege Tank  
  57  11:32  SCV  
  61  11:33  SCV  
  58  11:56  Orbital Command  
  58  12:06  Siege Tank, Hellion x2  
  65  12:10  Siege Tank  
  65  12:15  Armory  
  68  12:23  Armory  
  68  12:37  Factory x2  
  68  12:39  Factory  
  68  12:40  Factory  
  68  12:41  Factory  
  68  12:52  SCV x3  
  68  12:58  Siege Tank, Hellion x2  
  75  12:59  Siege Tank  
  75  13:04  SCV x3  
  84  13:17  Command Center  
  84  13:24  Factory Reactor  
  84  13:27  Factory Reactor  
  84  13:30  Factory Reactor  
  84  14:11  Factory Reactor  
  84  14:35  Engineering Bay  
  84  14:37  SCV  
  84  14:38  SCV  
  86  14:51  SCV x2  
  86  14:52  SCV x2  
  90  14:55  Thor  
  90  14:56  Thor  
  90  14:58  Hellbat  
  90  14:59  Hellbat x3  
  112  15:00  Hellbat  
  112  15:01  Hellbat  
  114  15:12  Neosteel Armor  
  114  15:14  Supply Depot x2  
  114  15:35  Hellbat  
  114  15:36  Hellbat x5, Hellion  
  114  15:38  Thor  
  114  15:40  Factory Tech Lab  
  114  15:42  Thor  
  130  15:54  Planetary Fortress  
  130  15:59  SCV  
  130  16:00  Factory  
  130  16:01  Factory  
  131  16:04  Factory  
  131  16:08  SCV x2  
  133  16:11  SCV  
  134  16:20  SCV x2  
  134  16:21  Supply Depot  
  134  16:24  Thor  
  142  16:28  Hellbat x2  
  142  16:29  Hellbat x2  
  142  16:30  Hellbat  
  142  16:31  Hellbat  
  154  16:41  Supply Depot  
  154  16:43  Hellbat x3  
  154  16:44  SCV x3  
  154  16:45  Supply Depot  
  163  16:51  Refinery  
  163  16:55  Refinery  
  163  17:02  Factory Tech Lab x3, Thor, SCV x2  
  163  17:07  SCV x2  
  163  17:08  Supply Depot, Refinery  
  173  17:11  Refinery  
  173  17:14  SCV  
  174  17:18  Missile Turret  
  174  17:19  SCV x2  
  176  17:27  Sensor Tower  
  176  17:31  Supply Depot  
  176  17:35  Supply Depot x3  
  176  17:38  Supply Depot  
  176  17:39  Thor  
  176  17:41  Command Center  
  176  17:43  Hellbat x2  
  186  17:52  Thor  
  186  17:53  Supply Depot, Hellbat  
  186  17:54  Protoss Ground Armor Level 3, Protoss Shields Level 3, Protoss Ground Weapons Level 3  
  186  17:56  Thor  
  200  18:07  Infernal Pre-Igniter, Smart Servos  
  200  18:10  Terran Vehicle Weapons Level 1  
  200  18:11  Terran Vehicle And Ship Armor Level 1  
  200  18:16  Zerg Flyer Weapons Level 3, Zerg Missile Weapons Level 3, Protoss Air Weapons Level 3, Zerg Melee Weapons Level 3, Terran Ship Weapons Level 3, Protoss Air Armor Level 3, Zerg Flyer Armor Level 3, Terran Vehicle Armor Level 3, Zerg Ground Armor Level 3, Terran Infantry Weapons Level 3, Terran Ship Armor Level 3, Terran Vehicle Weapons Level 3, Terran Infantry Armor Level 3  
  200  18:19  Protoss Ground Weapons Level 2, Protoss Ground Armor Level 2, Protoss Shields Level 2  
  200  18:24  Protoss Ground Armor Level 3, Protoss Shields Level 3, Protoss Ground Weapons Level 3  
  200  18:37  Zerg Ground Armor Level 2, Protoss Air Weapons Level 2, Terran Ship Armor Level 2, Zerg Flyer Armor Level 2, Terran Infantry Armor Level 2, Terran Ship Weapons Level 2, Terran Vehicle Armor Level 2, Zerg Missile Weapons Level 2, Zerg Melee Weapons Level 2, Zerg Flyer Weapons Level 2, Terran Infantry Weapons Level 2, Terran Vehicle Weapons Level 2, Protoss Air Armor Level 2  
  200  18:40  Command Center  
  200  18:44  Protoss Ground Armor Level 1, Protoss Ground Weapons Level 1, Protoss Shields Level 1  
  200  18:46  Zerg Flyer Weapons Level 3, Zerg Missile Weapons Level 3, Protoss Air Weapons Level 3, Zerg Melee Weapons Level 3, Terran Ship Weapons Level 3, Protoss Air Armor Level 3, Zerg Flyer Armor Level 3, Terran Vehicle Armor Level 3, Zerg Ground Armor Level 3, Terran Infantry Weapons Level 3, Terran Ship Armor Level 3, Terran Vehicle Weapons Level 3, Terran Infantry Armor Level 3  
  200  18:49  Protoss Ground Weapons Level 2, Protoss Ground Armor Level 2, Protoss Shields Level 2  
  200  18:52  Blink  
  200  18:59  Zerg Melee Weapons Level 1, Terran Infantry Armor Level 1, Zerg Flyer Weapons Level 1, Protoss Air Armor Level 1, Terran Ship Weapons Level 1, Terran Infantry Weapons Level 1, Zerg Ground Armor Level 1, Zerg Missile Weapons Level 1, Terran Vehicle Weapons Level 1, Terran Ship Armor Level 1, Terran Vehicle Armor Level 1, Zerg Flyer Armor Level 1, Protoss Air Weapons Level 1  
  200  19:07  Zerg Ground Armor Level 2, Protoss Air Weapons Level 2, Terran Ship Armor Level 2, Zerg Flyer Armor Level 2, Terran Infantry Armor Level 2, Terran Ship Weapons Level 2, Terran Vehicle Armor Level 2, Zerg Missile Weapons Level 2, Zerg Melee Weapons Level 2, Zerg Flyer Weapons Level 2, Terran Infantry Weapons Level 2, Terran Vehicle Weapons Level 2, Protoss Air Armor Level 2  
  200  19:13  Neosteel Armor, Charge, Weapon Refit, Resonating Glaives, Stimpack, Warp Gate, Extended Thermal Lance  
  200  19:14  Protoss Ground Armor Level 1, Protoss Ground Weapons Level 1, Protoss Shields Level 1  
  200  19:20  Ventral Sacs, Adrenal Glands  
  200  19:22  Blink  
  200  19:26  Enduring Locusts  
  200  19:27  Personal Cloaking  
  200  19:29  Zerg Melee Weapons Level 1, Terran Infantry Armor Level 1, Zerg Flyer Weapons Level 1, Protoss Air Armor Level 1, Terran Ship Weapons Level 1, Terran Infantry Weapons Level 1, Zerg Ground Armor Level 1, Zerg Missile Weapons Level 1, Terran Vehicle Weapons Level 1, Terran Ship Armor Level 1, Terran Vehicle Armor Level 1, Zerg Flyer Armor Level 1, Protoss Air Weapons Level 1  
  200  19:30  Hellbat  
  200  19:32  Hellbat  
  200  19:34  Centrifical Hooks, Chitinous Plating, Glial Reconstitution, Combat Shield, Metabolic Boost, Neural Parasite, Infernal Pre-Igniter, Tunneling Claws, Corvid Reactor, Neosteel Frame, Cloaking Field, Psionic Storm, Durable Materials  
  200  19:42  Burrow, Muscular Augments x2  
  200  19:43  Neosteel Armor, Charge, Weapon Refit, Resonating Glaives, Stimpack, Warp Gate, Extended Thermal Lance  
  200  19:50  Ventral Sacs, Adrenal Glands  
  200  19:56  Gravitic Drive, Enduring Locusts, Pathogen Glands, Behemoth Reactor, Caduceus Reactor, Graviton Catapult, Gravitic Boosters, Hi-Sec Auto Tracking, Moebius Reactor  
  200  19:57  Personal Cloaking  
  200  19:59  Planetary Fortress  
  200  20:04  Centrifical Hooks, Chitinous Plating, Glial Reconstitution, Combat Shield, Metabolic Boost, Neural Parasite, Infernal Pre-Igniter, Tunneling Claws, Corvid Reactor, Neosteel Frame, Cloaking Field, Psionic Storm, Durable Materials  
  200  20:10  Refinery, Concussive Shells, Pneumatized Carapace  
  200  20:11  Refinery  
  200  20:12  Burrow, Muscular Augments x2  
  200  20:26  Gravitic Drive, Pathogen Glands, Behemoth Reactor, Caduceus Reactor, Graviton Catapult, Gravitic Boosters, Hi-Sec Auto Tracking, Moebius Reactor  
  200  20:40  Concussive Shells, Pneumatized Carapace  
  200  20:53  Unknown x5  
    21:23  Unknown x5  
    69:34  Orbital Command  
    69:47  SCV x12  
  12  70:06  SCV  
  13  70:16  Supply Depot  
  13  70:20  SCV  
  14  70:32  SCV  
  15  70:41  Barracks  
  15  70:43  Refinery  
  15  70:48  SCV  
  16  71:00  SCV  
  17  71:12  SCV  
  18  71:28  Orbital Command  
  18  71:35  Marine  
  19  71:42  Refinery  
  19  72:00  Command Center  
  19  72:03  Factory  
  19  72:04  Marine  
  20  72:18  Supply Depot  
  20  72:27  SCV  
  21  72:39  SCV  
  22  72:45  Barracks Reactor  
  22  72:49  Factory Tech Lab  
  22  72:51  SCV  
  23  73:03  SCV  
  24  73:11  Siege Tank  
  27  73:14  SCV  
  27  73:15  SCV  
  29  73:25  Supply Depot  
  29  73:27  SCV, Orbital Command  
  30  73:40  Factory  
  30  73:43  Siege Tank  
  33  73:54  SCV  
  33  73:55  Engineering Bay, SCV  
  35  74:06  SCV  
  35  74:07  SCV  
  37  74:17  Siege Tank  
  40  74:32  SCV  
  40  74:35  Command Center  
  40  74:37  SCV, Refinery  
  42  74:40  Hellion x2  
  46  74:49  Missile Turret  
  46  74:53  Missile Turret  
  46  75:04  Hellion x2  
  46  75:05  Siege Tank, Refinery  
  53  75:12  Armory  
  53  75:25  SCV  
  54  75:31  Supply Depot  
  54  75:35  Supply Depot  
  54  75:47  SCV x2, Siege Tank, Hellion x2  
  63  75:54  Supply Depot  
  63  75:59  SCV x2  
  65  76:11  SCV  
  65  76:17  Orbital Command  
  66  76:26  SCV x2  
  68  76:37  Thor  
  68  76:39  Hellbat x2  
  78  76:53  Factory  
  78  76:54  Factory x2  
  78  76:55  Factory, Terran Vehicle Weapons Level 1  
  78  76:56  Neosteel Armor  
  78  76:59  Factory  
  78  77:03  SCV  
  78  77:04  SCV x2  
  81  77:09  Hellion  
  81  77:10  Hellbat  
  81  77:15  SCV  
  86  77:16  SCV x2  
  88  77:27  SCV  
  89  77:32  Command Center  
  89  77:37  SCV x2  
  89  77:39  SCV  
  92  77:49  SCV  
  92  77:50  Supply Depot  
  93  77:51  Supply Depot  
  93  77:52  Supply Depot  
  93  78:04  Factory Tech Lab x2  
  93  78:05  Factory Tech Lab  
  93  78:08  Factory Reactor  
  93  78:11  SCV  
  94  78:16  SCV  
  94  78:17  SCV  
  96  78:23  SCV  
  97  78:28  SCV  
  98  78:40  Missile Turret, Refinery  
  98  78:44  Refinery  
  98  78:53  Thor x2  
  98  78:54  Thor x2  
  122  79:06  Hellbat  
  122  79:07  Hellbat x3  
  130  79:19  Supply Depot  
  130  79:20  Supply Depot  
  130  79:28  SCV  
  130  79:29  SCV  
  132  79:33  Planetary Fortress  
  132  79:41  SCV  
  133  79:48  Hi-Sec Auto Tracking  
  133  79:53  Factory Tech Lab  
  133  79:55  Armory  
  133  79:59  SCV  
  135  80:00  SCV x2  
  135  80:04  Terran Vehicle Weapons Level 2  
  135  80:06  Infernal Pre-Igniter  
  136  80:11  SCV  
  136  80:12  SCV x2  
  139  80:25  Supply Depot  
  139  80:26  Supply Depot  
  139  80:27  Supply Depot  
  139  80:33  Refinery  
  139  80:35  Refinery  
  139  80:42  Thor  
  145  80:45  Hellbat  
  145  80:46  Thor  
  145  80:47  Thor, Hellbat  
  145  80:48  Hellbat  
  145  80:49  Thor, Hellbat  
  171  80:56  Thor  
  177  81:23  SCV x2  
  177  81:24  SCV x2  
  181  81:35  SCV x2  
  181  81:36  SCV x2  
  185  81:47  SCV  
  185  81:52  Command Center  
  186  82:01  SCV x2  
  186  82:02  SCV x2  
  190  82:13  SCV  
  191  82:17  Thor  
  191  82:19  Hellion x7  
  191  82:20  Hellbat  
  199  82:23  SCV  
Tags
 
Add a new tag
Caveats
  • Supply blocks, unpowered buildings, or Contaminate may cause inaccurate times.
  • Supply counts are checked every 10 seconds.